 Dungeon Crawl Stone Soup version 0.22.1-2-g9c5b331383 (webtiles) character file.

375 Revguard the Skirmisher (level 6, -1/57 HPs)
             Began as a Minotaur Abyssal Knight on Dec 16, 2018.
             Was a Believer of Lugonu.
             Shot with an arrow by a centaur (10 damage)
             ... on level 6 of the Dungeon.
             The game lasted 00:06:28 (2242 turns).

Revguard the Skirmisher (Minotaur Abyssal Knight)   Turns: 2242, Time: 00:06:28

Health: -1/57      AC:  4    Str: 17 (19) XL:     6   Next: 44%
Magic:  5/6        EV: 11    Int:  7 (9)  God:    Lugonu [**....]
Gold:   164        SH:  3    Dex:  8 (9)  Spells: 5/5 levels left

rFire    . . .     SeeInvis .   a - +1 hand axe
rCold    . . .     Gourm    .   j - +0 buckler
rNeg     . . .     Faith    +   b - +0 leather armour
rPois    .         Spirit   .   (helmet restricted)
rElec    .         Reflect  .   (no cloak)
rCorr    .         Harm     .   (no gloves)
MR       .....                  k - +0 pair of boots
Stlth    +.........             d - amulet of faith
HPRegen  0.19/turn              (no ring)
MPRegen  0.10/turn              (no ring)

@: hasted, very quick
A: retaliatory headbutt, horns 2
a: Depart the Abyss, Bend Space, Renounce Religion


You were on level 6 of the Dungeon.
You worshipped Lugonu.
Lugonu was pleased with you.
You were not hungry.

You visited 1 branch of the dungeon, and saw 4 of its levels.
You visited the Abyss 1 time.

You collected 164 gold pieces.

Inventory:

Hand Weapons
 a - a +1 hand axe (weapon)
Armour
 b - a +0 leather armour (worn)
 j - a +0 buckler (worn)
 k - a +0 pair of boots (worn)
Jewellery
 d - an amulet of faith (around neck)
Wands
 p - a wand of paralysis (17)
Scrolls
 h - 6 scrolls of identify
 m - 3 scrolls of teleportation {unknown}
 n - a scroll of blinking {unknown}
 o - a scroll of amnesia {unknown}
 q - a scroll of remove curse
Potions
 e - 3 potions of agility
 g - 2 potions of berserk rage
 i - a potion of curing
Comestibles
 c - 8 rations


   Skills:
 + Level 6.0 Fighting
 + Level 4.7 Axes
 + Level 4.0 Armour
 + Level 2.0 Dodging
 * Level 1.7 Shields
 + Level 2.3 Invocations


You had 5 spell levels left.
You didn't know any spells.
Your spell library was empty.

Dungeon Overview and Level Annotations

Branches:
Dungeon (3/15)

Altars:
Ashenzari
Ru
Trog
Uskayaw
The Shining One

Shops:
D:6 !


Innate Abilities, Weirdness & Mutations

You reflexively headbutt those who attack you in melee.
You have a pair of horns on your head.


Message History

You see here an arrow.
The orc priest mumbles some strange prayers to Beogh against you.
Pain shoots through your body!
The centaur shoots an arrow.
The arrow hits you.
You see here an arrow.
You barely miss the orc priest. Your headbutt misses the orc priest.
The orc priest hits you.
It was a potion of degeneration.
There was something very wrong with that liquid.
You feel weakened.
You feel dopey.
You feel clumsy.
It was a potion of haste.
You feel yourself speed up.
The orc priest hits you but does no damage.
The orc hits you with a flail!
* * * LOW HITPOINT WARNING * * *
Space bends around you!
You blink.
There are monsters nearby!
You see here 11 arrows.
You closely miss the orc priest.
The orc priest begins to cast a cantrip, but forgets the words!
The centaur shoots an arrow.
The arrow hits you!
You die...

(.##...............# ......
..######..........########♣oo....
..# ##...#...........♣(∩.♣....
..# #####..##########.♣o..... .##
#.......<.#######o.c..... .#
#......##.....##(o....... .#
##......##.....ooo........ .#
#.......##.o...####....... .#
##........@.o...### ....$.#
.######.......####.c....# .######
.##).......##.# #....### ##
.##.###.#####.# #....# #
....##### #.# #....###.# .....#
### #.......(# .###.# .
##..#..... ## ..# .. #..#..... #
### _.. #........


You could see a centaur, an orc priest and 3 orcs.

Vanquished Creatures
  An eye of draining (Abyss:1)
  A centaur (D:6)
  A bullfrog (D:6)
  2 worker ants
  A worker ant zombie (D:6)
  3 adders
  A shadow imp (D:6)
  A worm (D:1)
  A leopard gecko (D:2)
  4 orcs (D:3)
  5 bats
  2 giant cockroaches
  3 goblins
  10 hobgoblins
  3 jackals (D:2)
  2 quokkas
  5 frilled lizards
  3 kobolds
  3 rats
52 creatures vanquished.

Notes
Turn   | Place    | Note
-------+----------+-------------------------------------------
     0 | Abyss:1  | Revguard the Minotaur Abyssal Knight began the quest for
                  | the Orb.
     0 | Abyss:1  | Reached XP level 1. HP: 19/19 MP: 1/1
    61 | Abyss:1  | Found a corrupted altar of Lugonu.
   155 | Abyss:1  | Noticed an eye of draining
   167 | Abyss:1  | Killed an eye of draining
   167 | Abyss:1  | Reached skill level 5 in Fighting
   167 | Abyss:1  | Reached XP level 2. HP: 29/29 MP: 0/2
   167 | Abyss:1  | Reached XP level 3. HP: 36/36 MP: 0/3
   167 | Abyss:1  | Reached XP level 4. HP: 42/42 MP: 0/4
   176 | D:1      | Escaped the Abyss
   772 | D:2      | Reached ** piety under Lugonu
   838 | D:2      | Reached XP level 5. HP: 29/50 MP: 5/5
  1063 | D:2      | Found a hide-covered altar of Uskayaw.
  1438 | D:3      | Found a sacrificial altar of Ru.
  1596 | D:3      | Found a glowing golden altar of the Shining One.
  1678 | D:3      | Found a faded altar of an unknown god.
  1719 | D:3      | You fall through a shaft for 3 floors!
  1878 | D:6      | Reached skill level 1 in Shields
  1878 | D:6      | Reached XP level 6. HP: 33/57 MP: 6/6
  1898 | D:6      | Found a bloodstained altar of Trog.
  1937 | D:6      | Reached skill level 6 in Fighting
  2183 | D:6      | Found a shattered altar of Ashenzari.
  2217 | D:6      | Found Asiskih's Distillery.
  2242 | D:6      | Shot with an arrow by a centaur

Skill      XL: |  1  2  3  4  5  6 |
---------------+-------------------+-----
Fighting       | 5 6 |  6.0
Axes           | 3 4 |  4.7
Armour         | 3 4 |  4.0
Invocations    | 2 |  2.3
Shields        | 1 |  1.7
Dodging        | 2 |  2.0

Action                   |  1- 3 |  4- 6 || total
-------------------------+-------+-------++-------
Melee: Hand axe          |    10 |   114 ||   124
       Headbutt          |     3 |    11 ||    14
Invok: Bend Space        |       |     1 ||     1
  Use: Potion            |       |     6 ||     6
       Scroll            |       |     3 ||     3
  Eat: Chunk             |       |     4 ||     4
Armor: Leather armour    |       |    32 ||    32
Dodge: Dodged            |       |    66 ||    66
Block: Buckler           |       |    16 ||    16
